 Dungeon Crawl Stone Soup version 0.29.1-1-gd02db6906a (webtiles) character file.

Game seed: 16257672662489946292

155458 FastidiousMonk the Executioner (level 17, -8/228 HPs)
             Began as a Minotaur Berserker on Oct 5, 2022.
             Was a High Priest of Trog.
             Killed by an exploding starcursed mass (11 damage)
             ... ignited by their inner flame
             ... on level 3 of the Abyss on Oct 6, 2022.
             The game lasted 03:47:14 (32098 turns).

FastidiousMonk the Executioner (MiBe)              Turns: 32098, Time: 03:47:14

Health: -8/228     AC: 49    Str: 31    XL:     17   Next: 8%
Magic:  0/16       EV: 10    Int:  4    God:    Trog [*****.]
Gold:   924        SH:  0    Dex: 19    Spells: 16/16 levels left

rFire   + + .      SeeInvis .   a - +9 executioner's axe (flame)
rCold   + . .      Faith    +   (shield currently unavailable)
rNeg    . . .      Spirit   .   I - +15 Maxwell's patent armour {-Cast -Tele rElec Will+ rCorr}
rPois   +          Reflect  .   (helmet restricted)
rElec   +          Harm     .   G - +2 cloak
rCorr   +          Rampage  .   X - +2 pair of gloves {infuse}
Will    ++++.      NoTele   +   M - +3 pair of mountain boots {steadfast, rC+}
Stlth   .......... NoCast   +   o - amulet of faith
HPRegen 1.48/turn               q - +4 ring of protection
MPRegen 0.15/turn               Q - ring "Zikankod" {rF+ rC- Str+6 Dex+4}

@: berserking, resistant, strong-willed, regenerating, very quick
A: horns 2, retaliatory headbutt
a: Renounce Religion, Berserk, Trog's Hand, Brothers in Arms


You were on level 3 of the Abyss.
You worshipped Trog.
Trog was extremely pleased with you.
You visited 4 branches of the dungeon, and saw 16 of its levels.
You visited the Abyss 1 time.
You visited 1 bazaar.
You also visited: Desolation.

You collected 3409 gold pieces.
You spent 2485 gold pieces at shops.

Inventory:

Hand Weapons
 a - a +9 executioner's axe of flaming (weapon)
 b - the +10 sling "Owaerob" {venom, Fly}
   (You found it on level 3 of the Dungeon)

   Any ammunition fired from it poisons the flesh of those it strikes.
   Fly:       It grants you flight.
 p - a +7 antimagic battleaxe
 x - the +6 sling "Oblefogu" {freeze, Dex+2}
   (You found it on level 5 of the Dungeon)

   Any ammunition fired from it freezes those it strikes, dealing additional
   cold damage.
   It can also slow down cold-blooded creatures.
   Dex:       It affects your dexterity (+2).
 Y - the +9 battleaxe of Waympen {flame, +Blink Str-4 Dex+2}
   (You took it off a deep elf knight on level 3 of the Elven Halls)

   It burns those it strikes, dealing additional fire damage.
   Big, fiery blades are also staple armaments of hydra-hunters.
   Str:       It affects your strength (-4).
   Dex:       It affects your dexterity (+2).
   +Blink:    It lets you blink.
 Z - the +7 trident of Fragile Peace {holy, rPois}
   (You took it off a deep elf zephyrmancer on level 3 of the Elven Halls)

   It has been blessed by the Shining One to cause great damage to the undead
   and demons.
   rPois:     It protects you from poison.
Missiles
 d - 92 stones (quivered)
 P - 2 curare-tipped darts
 V - 2 throwing nets
Armour
 G - a +2 cloak (worn)
 I - the +15 Maxwell's patent armour (worn) {-Cast -Tele rElec Will+ rCorr}
   (You found it on level 1 of the Orcish Mines)

   rElec:     It insulates you from electricity.
   -Cast:     It prevents spellcasting.
   -Tele:     It prevents most forms of teleportation.
   rCorr:     It protects you from acid and corrosion.
   Will:      It increases your willpower.
 M - the +3 pair of mountain boots (worn) {steadfast, rC+}
   (You bought it in a shop on level 1 of the Elven Halls)

   It prevents involuntary movement, except for blinking, teleportation, or
   banishment.
   rC:        It protects you from cold.
 S - a +0 buckler of resistance
 X - a +2 pair of gloves of infusion (worn)
Jewellery
 o - an amulet of faith (around neck)
 q - a +4 ring of protection (left hand)
 F - a +6 ring of strength
 L - the ring of Xom's Malicious Joy {rElec rF+ Int+6 Stlth+}
   (You found it on level 2 of the Orcish Mines)

   [ring of intelligence]

   Int:       It affects your intelligence (+6).
   rF:        It protects you from fire.
   rElec:     It insulates you from electricity.
   Stlth:     It makes you more stealthy.
 N - the ring "Lidauvvy" {Fly rF++ Str-3 Int+3 Dex+2}
   (You took it off a deep elf knight on level 3 of the Elven Halls)

   [ring of flight]

   Str:       It affects your strength (-3).
   Int:       It affects your intelligence (+3).
   Dex:       It affects your dexterity (+2).
   rF:        It greatly protects you from fire.
   Fly:       It grants you flight.
 Q - the ring "Zikankod" (right hand) {rF+ rC- Str+6 Dex+4}
   (You found it in the Desolation of Salt)

   [ring of strength]

   Str:       It affects your strength (+6).
   Dex:       It affects your dexterity (+4).
   rF:        It protects you from fire.
   rC:        It makes you vulnerable to cold.
 R - the amulet of the Sun {RegenMP rPois}
   (You found it in the Desolation of Salt)

   [amulet of magic regeneration]

   It increases your rate of magic regeneration.
   rPois:     It protects you from poison.
 T - the ring "Jemirel" {Fire rPois rN+++ Slay-6 Stlth+}
   (You found it in the Desolation of Salt)

   [ring of fire]

   It enhances your fire magic.
   Slay:      It affects your accuracy & damage with ranged weapons and melee
   (-6).
   rF:        It protects you from fire.
   rC:        It makes you vulnerable to cold.
   rPois:     It protects you from poison.
   rN:        It renders you almost immune to negative energy.
   Stlth:     It makes you more stealthy.
Wands
 m - a wand of light (6)
 v - a wand of digging (1)
 A - a wand of roots (10)
 D - a wand of polymorph (16)
Scrolls
 f - 4 scrolls of enchant armour
 g - a scroll of summoning {unknown}
 h - a scroll of butterflies {unknown}
 i - 8 scrolls of identify
 r - 3 scrolls of blinking
 s - 5 scrolls of teleportation
 u - a scroll of brand weapon {unknown}
 y - 2 scrolls of poison
 z - a scroll of fear {unknown}
 C - 3 scrolls of immolation
 H - 4 scrolls of magic mapping
 K - a scroll of enchant weapon
Potions
 j - a potion of resistance
 k - a potion of mutation
 l - 2 potions of magic
 n - 2 potions of curing
 t - a potion of might
 J - a potion of attraction
 O - a potion of haste


   Skills:
 + Level 14.3 Fighting
 - Level 24.3(24.5) Axes
 - Level 5.9(17.1) Maces & Flails
 - Level 14.1 Ranged Weapons
 * Level 18.1 Armour
 + Level 2.9 Dodging


You had 16 spell levels left.
You didn't know any spells.
Your spell library contained the following spells:

 Spells                   Type           Power      Damage    Failure   Level
 Apportation              Tloc           0%         N/A       94%         1
 Necrotise                Necr           0%         1d4       94%         1
 Slow                     Hex            0%         N/A       94%         1
 Summon Small Mammal      Summ           0%         N/A       94%         1
 Ensorcelled Hibernation  Hex/Ice        0%         N/A       98%         2
 Passwall                 Tmut/Erth      0%         N/A       98%         2
 Sublimation of Blood     Necr           0%         N/A       98%         2
 Wereblood                Tmut           0%         N/A       98%         2
 Call Canine Familiar     Summ           0%         N/A       100%        3
 Confusing Touch          Hex            0%         N/A       100%        3
 Dazzling Flash           Conj/Hex       0%         N/A       100%        3
 Inner Flame              Hex/Fire       0%         N/A       100%        3
 Portal Projectile        Hex/Tloc       0%         N/A       100%        3
 Swiftness                Air            0%         N/A       100%        3
 Vampiric Draining        Necr           0%         2d6       100%        3
 Hailstorm                Conj/Ice       0%         3d3       100%        4
 Ice Form                 Ice/Tmut       0%         N/A       100%        4
 Leda's Liquefaction      Hex/Erth       0%         N/A       100%        4
 Petrify                  Tmut/Erth      0%         N/A       100%        4
 Sticky Flame             Conj/Fire      0%         2d3       100%        4
 Agony                    Necr           0%         N/A       100%        5
 Irradiate                Conj/Tmut      0%         3d11      100%        5
 Simulacrum               Ice/Necr       0%         N/A       100%        6
 Summon Hydra             Summ           0%         N/A       100%        7


Dungeon Overview and Level Annotations

Branches:
Dungeon (10/15)            Temple (1/1) D:7             Orc (2/2) D:10
    Elf (3/3) Orc:2       Desolation (visited)
   Lair: D:8-11

Altars:
Ashenzari
Cheibriados
Dithmenos
Elyvilon
Fedhas
Gozag
Hepliaklqana
Kikubaaqudgha
Makhleb
Nemelex Xobeh
Okawaru
Qazlal
Ru
Sif Muna
Trog
Uskayaw
Vehumet
Wu Jian
Xom
Yredelemnul
Zin
The Shining One

Shops:
D:6 *   Orc:2 *([(   Elf:1 [   Elf:3 =

Annotations:
D:2 Altars-WuJianCouncil, D:3 Altars-Ashenzari,UnknownGod, D:4 Altars-Hepliaklqana,Yredelemnul, D:5 Altars-Dithmenos,WuJianCouncil,Makhleb,Vehumet, D:6 Shop(Potion/Scroll), D:7 EcumenicalTemple, D:10 OrcishMines,FlaggedPortal,Altars-NemelexXobeh,Fedhas,Zin, Orc:1 Altars-Beogh, Orc:2 ElvenHalls,Shop
Elf:2 Bazaar
Elf:3 Shop(Jewelry),


Innate Abilities, Weirdness & Mutations

You have a pair of horns on your head.
You reflexively headbutt those who attack you in melee.


Message History

A bolt of acid appears from out of thin air!
The bolt of acid hits you! You resist.
* * * LOW HITPOINT WARNING * * *
Press: ? - help, v - describe, . - travel An empty arch of ancient stone.
Unknown command.
There is nothing on the other side of the stone arch.
There is nothing on the other side of the stone arch.
Press: ? - help, v - describe, . - travel
Here: a deep elf sorcerer, wielding a +0 rapier (fast, inner flame)
The floor.
A red film seems to cover your vision as you go berserk!
You feel yourself moving faster!
You feel mighty!
You hear some strange, mumbled words.
Something tries to affect you, but you resist.
A chorus of shrieks assaults your mind.
* * * LOW HITPOINT WARNING * * *
Something touches you but does no damage.
You slice something!! You burn something.
Something touches you but does no damage.
You slash something! You carve something like a ham!!! You burn something.
Trog accepts your kill.
Trog appreciates your killing of a magic user.
Reactivating autopickup.
You feel a bit more experienced.
You chop the starcursed mass into pieces!!!
You burn the starcursed mass.
You feel the power of Trog in you as your rage grows.
Trog accepts your kill.
The starcursed mass explodes!
The fiery explosion engulfs the starcursed mass!!!
Trog accepts your kill.
The fiery explosion engulfs the starcursed mass!!
Trog accepts your kill.
The fiery explosion engulfs the deep elf sorcerer!!!
Flame seeps out of the deep elf sorcerer.
The deep elf sorcerer is almost dead.
The fiery explosion engulfs you! You resist.
You die...

###
#.#
#@#
#§§##
#..§e
##.X##
...#.
# .. .
. . ..


You could see a starcursed mass (inner flame) and a deep elf sorcerer (fast,
inner flame).

Vanquished Creatures
  An ancient lich (Abyss:3)
  Nikola (Elf:2)
  2 deep elf blademasters
  2 deep elf master archers (Elf:3)
  2 tentacled starspawn (Abyss:2)
  3 deep elf sorcerers
  A balrug (Abyss:2)
  3 imperial myrmidons (Desolation)
  A deep elf elementalist (Elf:3)
  2 very ugly things (Abyss:2)
  A deep elf demonologist (Elf:3)
  A white draconian (Abyss:2)
  A halazid warlock (Desolation)
  The ghost of Du3lingdragon the Severer, a journeyman MiBe of Trog (Orc:2)
  3 deep elf death magi
  4 deep elf annihilators (Elf:3)
  2 crystal guardians (Desolation)
  6 servants of whispers (Desolation)
  7 ragged hierophants (Desolation)
  A rakshasa (Abyss:2)
  5 ogre magi
  3 peacekeepers (Desolation)
  16 two-headed ogres
  A centaur warrior (D:10)
  33 dancing weapons
  An orc high priest (Elf:1)
  2 hell hogs (Abyss:2)
  2 sun demons (Abyss:2)
  2 thrashing horrors (Abyss:2)
  17 deep elf knights
  2 wretched stars (Abyss:2)
  A bunyip zombie (Abyss:2)
  Pikel (D:5)
  8 starcursed masses
  5 large abominations (Abyss:2)
  33 deep elf pyromancers
  33 deep elf zephyrmancers
  2 ironbound convokers (Desolation)
  15 deep elf archers
  An orc knight (Orc:2)
  3 ugly things (Abyss:2)
  2 orc sorcerers
  A worldbinder (Abyss:2)
  A shining eye (Abyss:2)
  Joseph (D:9)
  A guardian serpent (Desolation)
  A smoke demon (Abyss:2)
  An apocalypse crab (Abyss:2)
  Psyche (D:10)
  2 efreet (Abyss:2)
  A freezing wraith (Abyss:2)
  3 trolls
  38 saltlings (Desolation)
  A hornet (D:10)
  A slime creature (D:10)
  4 water elementals
  An air elemental (Elf:3)
  A shadow (D:10)
  5 yaks (D:10)
  A fire elemental (Elf:3)
  2 steam dragons (D:9)
  A yak (shapeshifter) (Elf:1)
  A basilisk (shapeshifter) (Elf:2)
  4 neqoxecs (Orc:2)
  3 wargs
  A water moccasin (D:5)
  An acid dragon (D:8)
  13 orc warriors
  An ice beast (D:6)
  A sky beast (D:7)
  2 black bears
  32 ogres
  A phantom (D:5)
  A centaur (D:5)
  3 lemures (D:5)
  A kobold brigand (D:9)
  Blork the orc (D:5)
  A gnoll sergeant (D:10)
  7 small abominations (Abyss:2)
  5 bullfrogs
  4 necrophages
  2 scorpions
  3 earth elementals
  15 wights
  23 killer bees
  A howler monkey (D:9)
  A crimson imp (D:5)
  4 quasits
  2 jellies
  4 hounds
  A gnoll bouda (D:7)
  9 orc priests
  4 iguanas
  12 orc wizards
  6 adders
  15 gnolls
  A shadow imp (D:6)
  4 white imps
  5 worms
  2 dart slugs
  48 orcs
  6 endoplasms
  6 giant cockroaches
  10 goblins
  2 hobgoblins
  7 jackals (D:1)
  8 kobolds
  4 quokkas
  7 ball pythons
  4 bats
  2 frilled lizards
  4 rats
606 creatures vanquished.

Vanquished Creatures (collateral kills)
  An imperial myrmidon (Desolation)
  A deep elf demonologist (Elf:1)
  A deep elf death mage (Elf:1)
  A deep elf high priest (Elf:1)
  A servant of whispers (Desolation)
  A dancing weapon (Elf:2)
  A deep elf pyromancer (Elf:2)
  A deep elf zephyrmancer (Elf:2)
  A guardian serpent (Desolation)
  An unseen horror (Abyss:2)
  2 saltlings (Desolation)
  A starcursed mass (Abyss:2)
13 creatures vanquished.

Vanquished Creatures (others)
  A deep elf knight (Elf:1)
  A deep elf pyromancer (Elf:2)
  A bullfrog (D:9)
  2 orcs (Elf:1)
  3 starspawn tentacles (Abyss:2)
8 creatures vanquished.

Grand Total: 627 creatures vanquished

Notes
Turn   | Place    | Note
-------+----------+-------------------------------------------
     0 | D:1      | FastidiousMonk the Minotaur Berserker began the quest for
                  | the Orb.
     0 | D:1      | Reached XP level 1. HP: 19/19 MP: 0/0
   159 | D:1      | Reached XP level 2. HP: 27/28 MP: 1/1
   499 | D:1      | Reached skill level 5 in Fighting
   885 | D:1      | Reached XP level 3. HP: 36/36 MP: 2/2
  1026 | D:2      | Reached ** piety under Trog
  1139 | D:2      | Found an ornate altar of the Wu Jian Council.
  1652 | D:2      | Reached XP level 4. HP: 44/44 MP: 3/3
  2094 | D:3      | Identified the +10 sling "Owaerob" {venom, Fly}
  2176 | D:3      | Found a broken altar of Ashenzari.
  2501 | D:3      | Reached XP level 5. HP: 49/51 MP: 4/4
  2841 | D:3      | Reached *** piety under Trog
  2990 | D:3      | Found a faded altar of an unknown god.
  3085 | D:4      | Found a hazy altar of Hepliaklqana.
  3096 | D:4      | Found a basalt altar of Yredelemnul.
  3851 | D:5      | Entered Level 5 of the Dungeon
  3851 | D:5      | Found a shadowy altar of Dithmenos.
  3856 | D:5      | Noticed an ogre
  3911 | D:4      | Killed an ogre
  3912 | D:4      | Reached XP level 6. HP: 62/62 MP: 5/5
  4220 | D:5      | Noticed a two-headed ogre
  4238 | D:4      | Killed a two-headed ogre
  4239 | D:4      | Reached XP level 7. HP: 35/74 MP: 6/6
  4469 | D:5      | Reached skill level 1 in Ranged Weapons
  4469 | D:5      | Reached XP level 8. HP: 68/82 MP: 7/7
  4562 | D:5      | Identified the +6 sling "Oblefogu" {freeze, Dex+2}
  4569 | D:5      | Noticed a troll
  4816 | D:5      | Killed a troll
  5155 | D:5      | Noticed Pikel
  5169 | D:5      | Killed Pikel
  5175 | D:5      | Noticed Blork the orc
  5470 | D:5      | Found an ornate altar of the Wu Jian Council.
  5492 | D:5      | Found a radiant altar of Vehumet.
  5492 | D:5      | Found a burning altar of Makhleb.
  5632 | D:5      | Reached XP level 9. HP: 84/89 MP: 8/8
  5633 | D:5      | Killed Blork the orc
  6343 | D:6      | Reached skill level 10 in Ranged Weapons
  6524 | D:6      | Reached **** piety under Trog
  6874 | D:6      | Found Gagill's Assorted Antiques.
  6937 | D:6      | Identified 2 scrolls of acquirement
  7278 | D:7      | Found a staircase to the Ecumenical Temple.
  7296 | Temple   | Entered the Ecumenical Temple
  7901 | D:8      | Reached XP level 10. HP: 96/96 MP: 9/9
  7912 | D:8      | Reached skill level 1 in Maces & Flails
  8304 | D:7      | Acquired a +6 executioner's axe of flaming
  8312 | D:7      | Acquired 724 gold pieces
  8644 | D:6      | Bought a scroll of identify for 44 gold pieces
  9956 | D:9      | Noticed Joseph
  9966 | D:9      | Killed Joseph
 12159 | D:10     | Entered Level 10 of the Dungeon
 12330 | D:10     | Found a flagged portal.
 12377 | D:10     | Found a sparkling altar of Nemelex Xobeh.
 12503 | D:10     | Found a staircase to the Orcish Mines.
 12759 | D:10     | Noticed Psyche
 12768 | D:10     | Killed Psyche
 12772 | D:10     | Reached XP level 11. HP: 89/107 MP: 10/10
 12954 | D:10     | Found a blossoming altar of Fedhas.
 13169 | D:10     | Noticed a centaur warrior
 13175 | D:10     | Killed a centaur warrior
 13176 | D:10     | Reached skill level 5 in Maces & Flails
 13462 | D:10     | Found a glowing silver altar of Zin.
 13462 | D:10     | Noticed an angel
 13498 | Orc:1    | Entered Level 1 of the Orcish Mines
 13561 | Orc:1    | Found the +15 Maxwell's patent armour {-Cast -Tele rElec
                  | Will+ rCorr}
 13632 | Orc:1    | Reached ***** piety under Trog
 13682 | Orc:2    | Entered Level 2 of the Orcish Mines
 14785 | Orc:2    | Found a transporter.
 14835 | Orc:1    | Noticed a two-headed ogre
 14835 | Orc:1    | Noticed an orc knight
 14836 | Orc:1    | Noticed a two-headed ogre
 14943 | Orc:1    | Noticed an ogre mage
 14951 | Orc:2    | Killed an orc knight
 15119 | Orc:2    | Killed a two-headed ogre
 15119 | Orc:2    | Killed a two-headed ogre
 15120 | Orc:2    | Reached skill level 5 in Axes
 15591 | Orc:1    | Received a gift from Trog
 15596 | Orc:1    | Killed an ogre mage
 15597 | Orc:1    | Reached skill level 6 in Axes
 15800 | Orc:2    | Noticed an orc sorcerer
 15829 | Orc:2    | Noticed Du3lingdragon's ghost (journeyman MiBe)
 15830 | Orc:2    | Killed an orc sorcerer
 15839 | Orc:2    | Reached skill level 7 in Axes
 15943 | Orc:2    | Noticed a two-headed ogre
 15943 | Orc:2    | Noticed a two-headed ogre
 15943 | Orc:2    | Noticed a two-headed ogre
 15943 | Orc:2    | Noticed a two-headed ogre
 15943 | Orc:2    | Noticed a two-headed ogre
 15966 | Orc:2    | Killed a two-headed ogre
 15967 | Orc:2    | Reached skill level 5 in Armour
 15969 | Orc:2    | Killed a two-headed ogre
 15972 | Orc:2    | Reached skill level 8 in Axes
 16024 | Orc:2    | Killed a two-headed ogre
 16025 | Orc:2    | Reached XP level 12. HP: 104/117 MP: 11/11
 16026 | Orc:2    | Killed a two-headed ogre
 16028 | Orc:2    | Reached skill level 9 in Axes
 16030 | Orc:2    | Killed a two-headed ogre
 16393 | Orc:2    | Noticed an ogre mage
 16395 | Orc:2    | Noticed a two-headed ogre
 16401 | Orc:2    | Killed an ogre mage
 16407 | Orc:1    | Killed a two-headed ogre
 16602 | Orc:2    | Noticed a two-headed ogre
 16605 | Orc:2    | Found a staircase to the Elven Halls.
 16616 | Orc:2    | Noticed an ogre mage
 16637 | Orc:1    | Killed a two-headed ogre
 16638 | Orc:1    | Reached skill level 10 in Axes
 17015 | Orc:1    | Killed an ogre mage
 17268 | Orc:2    | Noticed a two-headed ogre
 17271 | Orc:2    | Noticed a two-headed ogre
 17277 | Orc:2    | Killed a two-headed ogre
 17278 | Orc:2    | Reached skill level 11 in Axes
 17279 | Orc:2    | Killed a two-headed ogre
 17369 | Orc:2    | Noticed a two-headed ogre
 17375 | Orc:2    | Killed a two-headed ogre
 17375 | Orc:2    | Noticed a two-headed ogre
 17397 | Orc:2    | Killed a two-headed ogre
 17441 | Orc:2    | Found Unarafoo's Armour Emporium.
 17441 | Orc:2    | Found Jarrunyewe's General Store.
 17443 | Orc:2    | Found Zuliu's Antique Weapon Shop.
 17443 | Orc:2    | Found Ylluff's Weapon Emporium.
 17452 | Orc:2    | Noticed a two-headed ogre
 17458 | Orc:2    | Killed a two-headed ogre
 17459 | Orc:2    | Reached skill level 12 in Axes
 17461 | Orc:2    | Bought a +6 ring of strength for 468 gold pieces
 17469 | Orc:2    | Noticed an ogre mage
 17475 | Orc:2    | Noticed a two-headed ogre
 17481 | Orc:2    | Killed a two-headed ogre
 17702 | Orc:2    | Killed an ogre mage
 17702 | Orc:2    | Received a gift from Trog
 17737 | Orc:2    | Noticed an ogre mage
 17747 | Orc:2    | Paralysed by something for 5 turns
 17759 | Orc:2    | Paralysed by something for 4 turns
 17761 | Orc:2    | Killed an ogre mage
 18016 | Orc:2    | Found a transporter.
 18098 | Orc:2    | Bought 2 stones for 2 gold pieces
 18175 | Orc:2    | Killed Du3lingdragon's ghost
 18176 | Orc:2    | Reached skill level 13 in Axes
 18257 | Orc:2    | Got the ring of Xom's Malicious Joy {rElec rF+ Int+6
                  | Stlth+}
 18321 | Elf:1    | Entered Level 1 of the Elven Halls
 18333 | Elf:1    | Reached XP level 13. HP: 123/124 MP: 12/12
 19071 | Elf:1    | Reached skill level 10 in Armour
 19083 | Elf:1    | Reached skill level 14 in Axes
 19948 | Elf:1    | Reached skill level 15 in Axes
 20337 | Elf:1    | Found Wexoris's Antique Armour Boutique.
 20345 | Elf:1    | Bought the +3 pair of mountain boots {steadfast, rC+} for
                  | 971 gold pieces
 20345 | Elf:1    | Found the +3 pair of mountain boots {steadfast, rC+}
 20460 | Elf:1    | Received a gift from Trog
 20461 | Elf:1    | Reached skill level 16 in Axes
 20912 | Elf:1    | Noticed a deep elf sorcerer
 20922 | Elf:1    | Killed a deep elf sorcerer
 21168 | Elf:1    | Reached XP level 14. HP: 110/132 MP: 13/13
 21325 | Elf:1    | Reached skill level 17 in Axes
 22872 | Elf:2    | Reached skill level 18 in Axes
 22940 | Elf:2    | Found a crumbling gateway.
 23331 | Elf:2    | Noticed a deep elf sorcerer
 23338 | Elf:2    | Killed a deep elf sorcerer
 23356 | Desolati | Entered the Desolation of Salt
 23370 | Desolati | Reached skill level 19 in Axes
 23634 | Desolati | Received a gift from Trog
 23778 | Desolati | Reached XP level 15. HP: 138/138 MP: 14/14
 23832 | Desolati | Identified the +1 dagger "Conservator" {freeze, Str+2
                  | Stlth+}
 23835 | Desolati | Identified the ring "Zikankod" {rF+ rC- Str+6 Dex+4}
 23839 | Desolati | Identified the +3 ring mail of the Boiling Point {Int+3}
 23842 | Desolati | Identified the amulet of the Sun {RegenMP rPois}
 24260 | Desolati | Noticed an imperial myrmidon
 24276 | Desolati | Killed an imperial myrmidon
 24449 | Desolati | Reached skill level 20 in Axes
 24555 | Desolati | Noticed an imperial myrmidon
 24569 | Desolati | Killed an imperial myrmidon
 24777 | Desolati | Identified the ring "Jemirel" {Fire rPois rN+++ Slay-6
                  | Stlth+}
 24908 | Desolati | Noticed an imperial myrmidon
 24923 | Desolati | Killed an imperial myrmidon
 24942 | Desolati | Noticed an imperial myrmidon
 24960 | Desolati | Reached skill level 15 in Armour
 24960 | Desolati | Killed an imperial myrmidon
 25319 | Desolati | Received a gift from Trog
 25660 | Desolati | Got the Textbook on Damaging Curses
 25665 | Desolati | Identified the +2 ring mail "Sewe" {+Blink Will+++ MP-9
                  | Stlth+}
 25778 | Elf:2    | Found a gateway to a bazaar.
 25875 | Elf:2    | Reached skill level 21 in Axes
 26180 | Elf:2    | Found a runed translucent gate.
 26180 | Elf:2    | Found a runed translucent gate.
 26181 | Elf:2    | Found a runed translucent gate.
 26818 | Elf:2    | Noticed Nikola
 26828 | Elf:2    | Killed Nikola
 27311 | Elf:2    | Reached skill level 22 in Axes
 27376 | Elf:2    | Reached XP level 16. HP: 146/146 MP: 10/15
 27440 | Elf:2    | Received a gift from Trog
 27711 | Elf:2    | Noticed a deep elf blademaster
 27717 | Elf:2    | Killed a deep elf blademaster
 27966 | Bazaar   | Entered a bazaar
 27982 | Bazaar   | Found Riruob's Assorted Antiques.
 27983 | Bazaar   | Found Fafemoed's Magic Scroll Emporium.
 28026 | Bazaar   | Found Nufy's Magic Scroll Shoppe.
 28026 | Bazaar   | Found Guewaabb's Jewellery Shoppe.
 28060 | Bazaar   | Bought a scroll of acquirement for 572 gold pieces
 28066 | Bazaar   | Acquired 859 gold pieces
 28149 | Bazaar   | Bought a scroll of blinking for 82 gold pieces
 28149 | Bazaar   | Bought a scroll of identify for 22 gold pieces
 28170 | Bazaar   | Bought a scroll of identify for 36 gold pieces
 28182 | Bazaar   | Bought a scroll of enchant weapon for 127 gold pieces
 28182 | Bazaar   | Bought a scroll of identify for 34 gold pieces
 28182 | Bazaar   | Bought a scroll of enchant weapon for 127 gold pieces
 28221 | Elf:3    | Entered Level 3 of the Elven Halls
 28316 | Elf:3    | Paralysed by an air elemental for 1 turns
 28614 | Elf:3    | Noticed a deep elf master archer
 28615 | Elf:3    | Noticed a deep elf blademaster
 28646 | Elf:3    | Killed a deep elf blademaster
 28653 | Elf:3    | Killed a deep elf master archer
 29223 | Elf:3    | Reached skill level 23 in Axes
 29492 | Elf:3    | Noticed a deep elf blademaster
 29510 | Elf:3    | Noticed a Tzitzimitl
 29612 | Elf:3    | Noticed a deep elf master archer
 29639 | Elf:3    | HP: 3/146 [deep elf master archer/arrow (12)]
 29654 | Elf:3    | Killed a deep elf master archer
 30411 | Elf:3    | Received a gift from Trog
 30496 | Elf:3    | Found Raitughi's Jewellery Boutique.
 30717 | Elf:3    | Identified the +7 trident of Fragile Peace {holy, rPois}
 30749 | Elf:3    | Identified the +9 battleaxe of Waympen {flame, +Blink Str-4
                  | Dex+2}
 30749 | Elf:3    | Identified the ring "Lidauvvy" {Fly rF++ Str-3 Int+3 Dex+2}
 30925 | Abyss:2  | Cast into level 2 of the Abyss (a deep elf sorcerer)
 31314 | Abyss:2  | Noticed a tentacled starspawn
 31326 | Abyss:2  | Killed a tentacled starspawn
 31906 | Abyss:2  | Reached skill level 24 in Axes
 31933 | Abyss:2  | Noticed a tentacled starspawn
 31942 | Abyss:2  | Killed a tentacled starspawn
 32029 | Abyss:2  | Paralysed by accursed screaming for 1 turns
 32042 | Abyss:2  | Reached XP level 17. HP: 95/152 MP: 0/16
 32042 | Abyss:2  | Paralysed by accursed screaming for 2 turns
 32059 | Abyss:2  | Noticed a Hell Sentinel
 32079 | Abyss:3  | Noticed an ancient lich
 32093 | Abyss:3  | HP: 5/152 [something/bolt of acid (11)]
 32094 | Abyss:3  | HP: 1/228 [starcursed mass/accursed screaming (8)]
 32097 | Abyss:3  | Killed an ancient lich
 32098 | Abyss:3  | Killed by an exploding starcursed mass... ignited by their
                  | inner flame

Illustrated notes

Levels and vault maps discovered:
D:1:      dpeg_arrival_snail, layout_basic
D:2:      layout_loops_ring, basic_altar
D:3:      layout_basic, nicolae_ashenzari_panopticon,
          hellmonk_ecumenical_altar_prayer_group
D:4:      layout_basic, nicolae_overflow_squiral
D:5:      layout_loops_ring, grunt_temple_overflow_lords_of_destruction,
          grunt_dithmenos_smoke, mainiacjoe_overflow_cross_hatched,
          grunt_ministairs_14, minmay_chambers_of_fives, uniq_blork_the_orc,
          uniq_pikel
D:6:      layout_loops_ring, serial_shops, shop, minmay_misc_feat_pillars,
          minmay_misc_feat_iff, uniq_grinder
D:7:      layout_basic, minmay_temple_entry_butterflies
D:8:      layout_basic
D:9:      cheibrodos_steamvent, layout_layer_cave, kennysheep_nub, uniq_joseph
D:10:     layout_loops_ring, fedhas_altar_fruit_tree,
          mainiacjoe_overflow_alcove_1, zin_angel, orc_0_dummy, enter_bailey_4,
          minmay_radiant, uniq_psyche
Temple:   nicolae_temple_x_marks_the_god
Orc:1:    layout_diamond_mine, basic_altar, dreamdust_deal_with_the_devil
Orc:2:    st_orc_ogre_mass, layout_caves, gammafunk_ghost_stat_death
Elf:1:    eino_elf_arrival_shootout, layout_loops_cross, serial_shops,
          shop_statue, evilmike_minifort, drop_trap, corexii_hall_statues_x
Elf:2:    elven_hall_of_blades_hangedman_original
          [nicolae_blade_entry_hurt_lockers], layout_geoelf_octagon,
          serial_shops, bzr_in_the_mist, portal_desolation_entry_nicolae_slug,
          uniq_nikola
Elf:3:    minmay_elf_hall, layout_loops_corners, serial_shops,
          nicolae_shop_crystal
Abyss:3:  base: Depths:1, hangedman_elemental_corridor

Skill      XL: |  1  2  3  4  5  6  7  8  9 10 11 12 13 14 15 16 17 |
---------------+----------------------------------------------------+-----
Fighting       | 4 5 6 8 11 13 14 | 14.3
Ranged Weapons | 1 8 11 13 14 | 14.1
Maces & Flails | 4 5 |  5.9
Axes           | 8 13 16 19 22 24 | 24.3
Armour         | 5 9 12 14 16 17 18 | 18.1
Dodging        | |  2.9

Action                   |  1- 3 |  4- 6 |  7- 9 | 10-12 | 13-15 | 16-18 || total
-------------------------+-------+-------+-------+-------+-------+-------++-------
Melee: Hand axe          |    97 |    17 |       |       |       |       ||   114
       Headbutt          |    10 |     9 |    20 |    28 |    81 |    66 ||   214
       Punch             |     1 |       |       |       |       |       ||     1
       Whip              |       |    74 |   101 |    21 |       |       ||   196
       Executioner's axe |       |       |       |   182 |   472 |   281 ||   935
       Sling             |       |       |       |     1 |       |       ||     1
 Fire: Sling             |       |    18 |    80 |   236 |   133 |    29 ||   496
Invok: Berserk           |     1 |     6 |     8 |    20 |    13 |     8 ||    56
       Brothers in Arms  |       |       |       |       |     4 |     3 ||     7
       Trog's Hand       |       |       |       |       |     2 |     3 ||     5
Evoke: Wand              |       |       |       |       |       |     2 ||     2
  Use: Scroll            |       |     2 |     5 |     8 |     2 |     9 ||    26
       Potion            |       |       |       |     1 |     3 |     4 ||     8
 Stab: Distracted        |       |       |       |       |     1 |       ||     1
Armor: Ring mail         |    28 |       |       |    56 |       |       ||    84
       Scale mail        |    10 |    39 |    41 |    10 |       |       ||   100
       Plate armour      |       |       |       |   171 |   372 |   161 ||   704
Dodge: Dodged            |    44 |    47 |    53 |   176 |   182 |    67 ||   569
